 Dungeon Crawl Stone Soup version 0.28-a0-1415-g7c84da036a (webtiles) character file.

Game seed: 7776759922748210065

75 eustatius the Shooter (level 4, -3/25 HPs)
             Began as a Deep Elf Wanderer on Jan 8, 2022.
             Was an Initiate of Uskayaw.
             Killed by divine providence
             ... invoked by an orc priest
              (12 damage)
             ... on level 2 of the Dungeon.
             The game lasted 00:10:19 (2633 turns).

eustatius the Shooter (Deep Elf Wanderer)           Turns: 2633, Time: 00:10:19

Health: -3/25      AC:  2    Str:  8    XL:     4   Next: 11%
Magic:  9/11       EV: 12    Int: 19    God:    Uskayaw [......]
Gold:   76         SH:  0    Dex: 15    Spells: 3/10 levels left

rFire   . . .      SeeInvis .   a - +3 shortbow
rCold   . . .      Faith    .   (shield currently unavailable)
rNeg    . . .      Spirit   .   c - +0 robe
rPois   .          Reflect  .   (no helmet)
rElec   .          Harm     .   (no cloak)
rCorr   .          Rampage  .   (no gloves)
Will    +....                   (no boots)
Stlth   +.........              k - amulet of magic regeneration
HPRegen 0.08/turn               f - ring of willpower
MPRegen 0.52/turn               (no ring)

@: no status effects
A: no striking features
a: Renounce Religion


You were on level 2 of the Dungeon.
You worshipped Uskayaw.
Uskayaw was noncommittal.
You visited 1 branch of the dungeon, and saw 3 of its levels.

You collected 76 gold pieces.

Inventory:

Hand Weapons
 a - a +3 shortbow (weapon)
Missiles
 b - 16 arrows (quivered ammo)
Armour
 c - a +0 robe (worn)
Jewellery
 f - a ring of willpower (left hand)
 k - an amulet of magic regeneration (around neck)
Scrolls
 e - 2 scrolls of immolation {unknown}
 g - a scroll of fear {unknown}
 h - a scroll of enchant armour {unknown}
 i - a scroll of teleportation {unknown}
 j - a scroll of blinking {unknown}
 l - a scroll of identify {unknown}
Potions
 d - 2 potions of heal wounds {unknown}
 m - a potion of attraction {unknown}


   Skills:
 - Level 1.0 Fighting
 * Level 4.4 Bows
 - Level 1.0 Armour
 * Level 1.9 Dodging
 * Level 3.5 Spellcasting
 * Level 2.8 Translocations
 * Level 1.7 Evocations


You had 3 spell levels left.
You knew the following spells:

 Your Spells              Type           Power      Damage    Failure   Level
a - Apportation           Tloc           28%        N/A       4%          1
b - Lesser Beckoning      Tloc           14%        N/A       14%         3
c - Ozocubu's Armour      Ice            3%         N/A       38%         3

Your spell library contained the following spells:

 Spells                   Type           Power      Damage    Failure   Level
 Metabolic Englaciation   Hex/Ice        1%         N/A       98%         5
 Simulacrum               Ice/Necr       1%         N/A       100%        6


Dungeon Overview and Level Annotations

Branches:
Dungeon (3/15)

Altars:
Uskayaw


Message History

Press: ? - help, Q - select action, (/) - cycle Shift-Dir - straight line, f/p - hobgoblin
Aim: a hobgoblin (severely wounded, 64% to hit)
You shoot an arrow. The arrow hits the hobgoblin.
The hobgoblin is almost dead.
Fire: 15 arrows
Press: ? - help, Q - select action, (/) - cycle Shift-Dir - straight line, f/p - hobgoblin
Aim: a hobgoblin (almost dead, 64% to hit)
You shoot an arrow. The arrow hits the hobgoblin.
You kill the hobgoblin!
b - 15 arrows (gained 1) Unknown command.
There is an escape hatch in the ceiling here.
b - 17 arrows (gained 2) Done exploring.
There is an escape hatch in the ceiling here.
There is a stone staircase leading down here.
You climb downwards.
The orc shouts! x4
Found 23 stones.
There is a stone staircase leading up here.
The scorpion stings you.
The orc priest hits you with a +0 hand axe.
The orc closely misses you.
You climb upwards.
There is a stone staircase leading down here.
You stomp with the beat, sending a shockwave through the revellers around you!
The orc is heavily wounded.
The scorpion is moderately wounded.
The orc priest is moderately wounded.
You can no longer stomp with the beat.
The scorpion stings you. The orc hits you but does no damage.
The orc priest hits you with a +0 hand axe.
Fire: 17 arrows
Press: ? - help, Q - select action, (/) - cycle Shift-Dir - straight line, f - orc
Aim: an orc, wielding a +0 hand axe (heavily wounded, 64% to hit)
You shoot an arrow. The arrow hits the orc.
The orc is heavily wounded.
The scorpion misses you. The orc closely misses you.
The orc priest calls down the wrath of Beogh upon you.
Beogh smites you!
You die...

......##.......# #.#
#.######.......# #.# #.#
#...(...# #.# #.# #.......# #.#
#.######.......#####.#
#.#......#.###....##.######
#.#......#.# #....##.#....#
#.#......#.# #..os##.#....#
#.#......#.# #..@.##.#....#
#.#......#.###.o..##.#....#
#....................#....#
##########.###....####....#######
#....>.# #.# #....# #..†.........
#.####.###.###....# #.....#......
#.# #.#....##....# #.....#......
#.# #.#.#..##....###....)#......
#.# #.#.#.........##.###########


You could see a scorpion, an orc priest and an orc.

Vanquished Creatures
  2 adders (D:2)
  5 dart slugs
  4 endoplasms
  A giant cockroach (D:2)
  6 hobgoblins
  5 jackals (D:1)
  7 kobolds
  A quokka (D:2)
  4 ball pythons
  3 bats
  2 frilled lizards
  4 rats
44 creatures vanquished.

Notes
Turn   | Place    | Note
-------+----------+-------------------------------------------
     0 | D:1      | eustatius the Deep Elf Wanderer began the quest for the
                  | Orb.
     0 | D:1      | eustatius set off with the following items: a +3 shortbow,
                  | 22 arrows, a +0 robe; and the following spell memorised:
                  | Apportation; and the following spells available to
                  | memorise: Lesser Beckoning
     0 | D:1      | Reached XP level 1. HP: 12/12 MP: 6/6
   175 | D:1      | Found a faded altar of an unknown god.
   210 | D:1      | Reached skill level 3 in Bows
   212 | D:1      | Reached XP level 2. HP: 8/16 MP: 8/8
   277 | D:1      | Prayed at the altar of an unknown god.
   277 | D:1      | Became a worshipper of Uskayaw the Reveller
   277 | D:1      | Reached * piety under Uskayaw
   511 | D:1      | Reached ** piety under Uskayaw
   801 | D:1      | Reached XP level 3. HP: 20/20 MP: 9/9
   815 | D:1      | Learned a level 3 spell: Lesser Beckoning
  1364 | D:2      | Learned a level 3 spell: Ozocubu's Armour
  1484 | D:2      | Reached skill level 4 in Bows
  2073 | D:2      | Reached XP level 4. HP: 25/25 MP: 11/11
  2629 | D:3      | Noticed a scorpion
  2633 | D:2      | Killed from afar by an orc priest

Illustrated notes

Levels and vault maps discovered:
D:1:      dpeg_arrival_shelter, layout_loops_corners,
          dilly_ecumenical_altar_fadedgnrine, minmay_misc_feat_iff,
          chequers_serial_rivers_small_b
D:2:      layout_basic, minmay_tromino_i2
D:3:      layout_loops_ring, kennysheep_generic_room_10, uniq_sigmund

Skill      XL: |  1  2  3 |
---------------+----------+-----
Bows           | 3 4 |  4.4
Fighting       | |  1.0
Armour         | |  1.0
Dodging        | |  1.9
Spellcasting   | |  3.5
Translocations | |  2.8
Evocations     | |  1.7

Action                   |  1- 3 |  4- 6 || total
-------------------------+-------+-------++-------
 Fire: Shortbow          |    86 |    15 ||   101
 Cast: Apportation       |     1 |       ||     1
Invok: Stomp             |       |     1 ||     1
Armor: Robe              |     4 |     1 ||     5
Dodge: Dodged            |    30 |     4 ||    34

Table legend: (Time is in decaauts)
 A = Elapsed time spent in this place.
 B = Non-inter-level travel time spent in this place.
 C = Inter-level travel time spent in this place.
 D = Time resting spent in this place.
 E = Time spent auto-exploring this place.
 F = Levels seen in this place.
 G = Mean time per level.
                   A        B        C        D        E       F      G
               +--------+--------+--------+--------+--------+-----+--------+
         Total |   2647 |   2429 |    218 |      0 |   1701 |   3 |  882.3 |
       Dungeon |   2647 |   2429 |    218 |      0 |   1701 |   3 |  882.3 |
               +--------+--------+--------+--------+--------+-----+--------+

Top non-repeatable levels by time:
     D:2: 1374 daAuts
     D:1: 1270 daAuts
     D:3: 1 daAuts
